 Dungeon Crawl Stone Soup version 0.32-a0-938-g40ac7a0 (webtiles) character file.

Game seed: 13754748056685399791

797 PublicAnimeNo1 the Chopper (level 7, 0/61 HPs)
             Began as a Mountain Dwarf Fighter on Apr 16, 2024.
             Was an Elder of Zin.
             Slain by Dowan
             ... wielding a +0 dagger
              (3 damage)
             ... on level 5 of the Dungeon.
             The game lasted 00:08:57 (3819 turns).

PublicAnimeNo1 the Chopper (Mountain Dwarf Fighter) Turns: 3819, Time: 00:08:57

Health: 0/61       AC:  4    Str: 18 (19) XL:     7   Next: 58%
Magic:  9/9        EV:  6    Int:  9 (10) God:    Zin [****..]
Gold:   220        SH:  4    Dex:  7 (9)  Spells: 6/6 levels left

rFire   . . .        a - +0 war axe
rCold   . . .        c - +0 buckler
rNeg    . . .        h - +0 chain mail
rPois   .            (no helmet)
rElec   .            (no cloak)
rCorr   .            r - +0 pair of gloves
SInv    .            g - +0 pair of boots
Will    .....        (no amulet) Stlth
                     (no ring)
HPRegen 0.30/turn    (no ring)
MPRegen 0.11/turn

%: no passive effects
@: mighty, corroded, on berserk cooldown, slowed, very slow
A: runic magic, artefact enchanting
a: Renounce Religion, Recite, Vitalisation, Imprison, Donate Gold


You were on level 5 of the Dungeon.
You worshipped Zin.
Zin was greatly pleased with you.
You visited 1 branch of the dungeon, and saw 5 of its levels.
You also visited: Ossuary.

You collected 244 gold pieces.
You donated 24 gold pieces to Zin.

Inventory:

Hand Weapons
 a - a +0 war axe (weapon)
 d - a +5 short sword of venom
Armour
 c - a +0 buckler (worn)
 g - a +0 pair of boots (worn)
 h - a +0 chain mail (worn)
 r - a +0 pair of gloves (worn)
Jewellery
 p - an amulet of magic regeneration
 t - a ring of fire
Scrolls
 e - 2 scrolls of teleportation {unknown}
 f - a scroll of fog {unknown}
 k - 2 scrolls of noise {unknown}
 l - 3 scrolls of immolation
 n - a scroll of silence
 q - 2 scrolls of blinking {unknown}
 s - 2 scrolls of poison {unknown}
 v - a scroll of enchant armour {unknown}
 w - a scroll of vulnerability {unknown}
Potions
 b - 2 potions of attraction
 i - a potion of enlightenment {unknown}
 j - 3 potions of curing
 m - a potion of mutation
 u - 2 potions of degeneration
 x - a potion of berserk rage
 z - a potion of heal wounds {unknown}
 A - a potion of haste {unknown}


   Skills:
 + Level 5.1 Fighting
 * Level 6.5 Axes
 + Level 5.1 Armour
 + Level 5.1 Shields
 + Level 3.1 Invocations


You had 6 spell levels left.
You didn't know any spells.
Your spell library contained the following spells:

 Spells                   Type           Power      Damage    Failure   Level
 Slow                     Hex            0%         N/A       65%         1
 Confusing Touch          Hex            0%         N/A       95%         3
 Vampiric Draining        Necr           0%         2d6       95%         3


Dungeon Overview and Level Annotations

Branches:
Dungeon (5/15)            Ossuary (visited)
 Temple: D:4-7

Altars:
Sif Muna
Vehumet
Zin

Shops:
D:1 [

Annotations:
D:5 Dowan


Innate Abilities, Weirdness & Mutations

Your spellcasting is much less encumbered by armour.
You can use scrolls of enchantment on lesser artefacts.


Message History

The puff of flame hits the jelly.
The jelly is moderately wounded.
The now-empty wand crumbles to dust.
The jelly hits you.
* * * LOW HITPOINT WARNING * * *
The acid corrodes you!
You are splashed with acid!
* * * LOW HITPOINT WARNING * * *
You hit the jelly. The acid corrodes you!
Your hands burn!
* * * LOW HITPOINT WARNING * * *
The jelly is heavily wounded.
You block the jelly's attack.
You slash the jelly!
You kill the jelly!
Dowan seems to find hidden reserves of power!
Things that are here:
a +5 short sword of venom; a +0 leather armour; the elf corpse of Duvessa
d - a +5 short sword of venom It was a potion of berserk rage.
A red film seems to cover your vision as you go berserk!
You feel yourself moving faster!
You feel mighty!
Dowan casts a spell.
Dowan blinks!
You feel a strong urge to attack something.
You feel your anger nearly subside. Dowan hits you with a +0 dagger.
* * * LOW HITPOINT WARNING * * *
You completely miss Dowan.
Dowan casts a spell.
Dowan blinks!
Dowan shakes with grief.
You feel a strong urge to attack something.
You are no longer berserk.
You are exhausted.
You feel yourself slow down. Dowan hits you but does no damage.
You hit Dowan but do no damage. Dowan hits you but does no damage.
Dowan hits you with a +0 dagger.
* * * LOW HITPOINT WARNING * * *
Dowan hits you with a +0 dagger.
* * * LOW HITPOINT WARNING * * *
You closely miss Dowan. Dowan hits you with a +0 dagger.
You die...

. #......##...≈.≈... ...
#.#.##).#..≈≈(≈≈.. .≈.
#.#.##..eJ.......# .≈.#
##.J.##.##.......##
≈≈.#########...###.###....###
≈≈..........e.## #.# ######
≈≈...###....### #.#
≈≈.....>.#########.#
≈≈.........[....@e.#
≈...################ ..†.#
###.####.# # #......# #
######## # #


You could see Dowan (fast).

Vanquished Creatures
  Duvessa (D:5)
  3 scorpions
  2 wights (Ossuary)
  A burial acolyte (Ossuary)
  A jelly (D:5)
  Jessica (D:2)
  Natasha (thrice) (D:3)
  An orc wizard (D:4)
  A mummy (Ossuary)
  7 adders
  A white imp (D:5)
  4 dart slugs
  10 orcs
  8 bats
  6 endoplasms
  3 giant cockroaches
  6 goblins
  6 hobgoblins
  6 jackals
  4 quokkas
  11 ball pythons
  5 frilled lizards
  8 gnoll skeletons (Ossuary)
  10 kobolds
  6 kobold skeletons (Ossuary)
  6 orc skeletons (Ossuary)
  8 rats
129 creatures vanquished.

Notes
Turn   | Place    | Note
-------+----------+-------------------------------------------
     0 | D:1      | PublicAnimeNo1 the Mountain Dwarf Fighter began the quest
                  | for the Orb.
     0 | D:1      | Reached XP level 1. HP: 19/19 MP: 1/1
    92 | D:1      | Found Ulygi's Armour Shoppe.
   129 | D:1      | Reached XP level 2. HP: 22/26 MP: 2/2
   232 | D:1      | Reached skill level 3 in Axes
   815 | D:2      | Reached XP level 3. HP: 31/31 MP: 3/3
   935 | D:2      | Noticed Jessica
   951 | D:2      | Killed Jessica
   952 | D:2      | Reached XP level 4. HP: 31/40 MP: 4/4
  1012 | D:2      | Reached skill level 4 in Axes
  1540 | D:3      | Found a faded altar of an unknown god.
  1565 | D:3      | Prayed at the altar of an unknown god.
  1565 | D:3      | Became a worshipper of Zin the Law-Giver
  1565 | D:3      | Reached * piety under Zin
  1610 | D:3      | Reached XP level 5. HP: 36/46 MP: 5/5
  1705 | D:3      | Reached ** piety under Zin
  1746 | D:3      | Noticed Natasha
  1748 | D:3      | Killed Natasha
  1965 | D:3      | Noticed Natasha
  1981 | D:3      | Killed Natasha
  2080 | D:3      | Noticed Natasha
  2088 | D:3      | Killed Natasha
  2089 | D:3      | Reached skill level 1 in Invocations
  2313 | D:3      | Reached *** piety under Zin
  2424 | D:4      | Reached skill level 5 in Axes
  2515 | D:4      | Reached XP level 6. HP: 51/53 MP: 5/7
  3026 | D:5      | Entered Level 5 of the Dungeon
  3092 | D:5      | Found a shimmering blue altar of Sif Muna.
  3094 | D:5      | Found a sand-covered staircase.
  3098 | Ossuary  | Entered an ossuary
  3259 | Ossuary  | Reached **** piety under Zin
  3355 | Ossuary  | HP: 2/53 [wight/+3 short sword of freezing (3)]
  3363 | Ossuary  | Reached XP level 7. HP: 9/60 MP: 8/8
  3614 | D:5      | Reached skill level 6 in Axes
  3735 | D:5      | Reached skill level 5 in Armour
  3769 | D:5      | Found a radiant altar of Vehumet.
  3771 | D:5      | Noticed Duvessa
  3772 | D:5      | Noticed Dowan
  3800 | D:5      | HP: 2/60 [Duvessa/+5 short sword of venom (9)]
  3804 | D:5      | Killed Duvessa
  3805 | D:5      | Reached skill level 5 in Fighting
  3805 | D:5      | Reached skill level 5 in Shields
  3818 | D:5      | HP: 2/61 [Dowan/+0 dagger (5)]
  3819 | D:5      | Slain by Dowan

Illustrated notes

Levels and vault maps discovered:
D:1:      mainiacjoe_arrival_oval_in_oval, layout_loops_ring, serial_shops, shop
D:2:      layout_loops_cross, minivault_25, item_on_display_a, uniq_jessica
D:3:      layout_basic, ebering_ecumenical_altar_ruins, minivault_5,
          uniq_natasha
D:4:      layout_rooms
D:5:      layout_basic, lemuel_coloured_pillars_altar,
          mainiacjoe_overflow_catwalk, mainiacjoe_overflow_small_starburst,
          mainiacjoe_overflow_24_doors, trog_antimagical,
          nemelex_xobeh_ov_fountains_minmay,
          minmay_temple_entry_enclosed_plants, enter_ossuary_5,
          uniq_blork_the_orc, uniq_duvessa, uniq_crazy_yiuf_cottage

Skill      XL: |  1  2  3  4  5  6  7 |
---------------+----------------------+-----
Axes           | 3 4 5 6 |  6.5
Fighting       | 4 5 |  5.1
Armour         | 4 5 |  5.1
Shields        | 4 5 |  5.1
Invocations    | 1 2 3 |  3.1

Action                     |  1- 3 |  4- 6 |  7- 9 || total
---------------------------+-------+-------+-------++-------
  Melee: War axe           |    90 |   234 |    34 ||   358
         Unarmed           |       |    16 |       ||    16
 Invoke: Recite            |       |     4 |       ||     4
         Vitalisation      |       |     1 |       ||     1
  Evoke: Wand              |       |     6 |     5 ||    11
    Use: Scroll            |       |     5 |       ||     5
         Potion            |       |     2 |     5 ||     7
 Armour: Scale mail        |    22 |       |       ||    22
         Chain mail        |    62 |   232 |    38 ||   332
         Skin              |       |     6 |       ||     6
  Dodge: Dodged            |    34 |    83 |     8 ||   125
  Block: Buckler           |    15 |    54 |     9 ||    78

Table legend: (Time is in decaauts)
 A = Elapsed time spent in this place.
 B = Non-inter-level travel time spent in this place.
 C = Inter-level travel time spent in this place.
 D = Time resting spent in this place.
 E = Time spent auto-exploring this place.
 F = Levels seen in this place.
 G = Mean time per level.
                   A        B        C        D        E       F      G
               +--------+--------+--------+--------+--------+-----+--------+
         Total |   3926 |   3732 |    194 |    206 |   2529 |   6 |  654.3 |
       Dungeon |   3427 |   3233 |    194 |     42 |   2387 |   5 |  685.4 |
       Ossuary |    498 |    498 |      0 |    164 |    142 |   1 |  498.0 |
               +--------+--------+--------+--------+--------+-----+--------+

Top non-repeatable levels by time:
     D:3: 983 daAuts
     D:1: 763 daAuts
     D:2: 719 daAuts
     D:4: 651 daAuts
 Ossuary: 498 daAuts
     D:5: 309 daAuts
